 Dungeon Crawl Stone Soup version 0.32-a0-411-g744942f433 (webtiles) character file.

Game seed: 13906121740555824801

675 greenreed the Magician (level 7, 0/36 HPs)
             Began as a Deep Elf Necromancer on Feb 20, 2024.
             Killed by divine providence
             ... invoked by an orc priest
              (14 damage)
             ... on level 5 of the Dungeon.
             The game lasted 00:08:28 (3996 turns).

greenreed the Magician (Deep Elf Necromancer)       Turns: 3996, Time: 00:08:29

Health: 0/36       AC:  4    Str:  5    XL:     7   Next: 33%
Magic:  5/20       EV: 29    Int: 22    God:
Gold:   199        SH:  0    Dex: 15    Spells: 13/21 levels left

rFire   + . .        i - +0 short sword
rCold   . . .        (no shield)
rNeg    . . .        t - +1 robe
rPois   .            (no helmet)
rElec   .            s - +0 cloak
rCorr   +            (no gloves)
SInv    .            (no boots)
Will    .....        p - amulet of the acrobat
Stlth   ++           g - ring of protection from fire
HPRegen 0.26/turn    m - ring of resist corrosion
MPRegen 0.17/turn

%: acrobat
@: acrobatic, animating dead
A: no striking features
a: Convert to Beogh


You were on level 5 of the Dungeon.
You visited 1 branch of the dungeon, and saw 5 of its levels.

You collected 199 gold pieces.

Inventory:

Hand Weapons
 i - a +0 short sword (weapon)
Armour
 q - a +0 buckler
 s - a +0 cloak (worn)
 t - a +1 robe (worn)
Jewellery
 a - an amulet of regeneration
 g - a ring of protection from fire (left hand)
 k - an amulet of faith
 m - a ring of resist corrosion (right hand)
 p - an amulet of the acrobat (around neck)
Scrolls
 c - a scroll of enchant armour {unknown}
 d - 2 scrolls of enchant weapon {unknown}
 e - 6 scrolls of identify {unknown}
 f - 4 scrolls of teleportation {unknown}
 l - 2 scrolls of poison {unknown}
 n - a scroll of vulnerability {unknown}
 r - a scroll of amnesia {unknown}
Potions
 b - a potion of magic
 h - 2 potions of might {unknown}
 j - a potion of curing {unknown}
 o - a potion of mutation {unknown}
 u - a potion of haste {unknown}


   Skills:
 + Level 5.4 Dodging
 - Level 3.0 Stealth
 * Level 7.8 Spellcasting
 + Level 6.8 Necromancy


You had 13 spell levels left.
You knew the following spells:

 Your Spells              Type           Power      Damage    Failure   Level
a - Necrotise             Necr           100%       1d9       1%          1
b - Vampiric Draining     Necr           38%        2d8       1%          3
c - Animate Dead          Necr           38%        N/A       4%          4

Your spell library contained the following spells:

 Spells                   Type           Power      Damage    Failure   Level
 Apportation              Tloc           16%        N/A       8%          1
 Freeze                   Ice            32%        1d5       8%          1
 Sting                    Conj/Alch      32%        1d5       8%          1
 Summon Small Mammal      Summ           32%        N/A       8%          1
 Curse of Agony           Necr           38%        N/A       13%         5
 Frozen Ramparts          Ice            16%        1d3       22%         3
 Hailstorm                Conj/Ice       8%         3d5       22%         3


Dungeon Overview and Level Annotations

Branches:
Dungeon (5/15)
 Temple: D:4-7

Altars:
Fedhas

Shops:
D:4 *


Message History

You draw life force from the iguana!
You kill the iguana!
The dead are walking!
Your orc zombie barely misses the orc priest.
A phantom comes into view.
An orc comes into view. It is wielding a +0 dagger.
The orc priest hits your orc zombie with a +0 hand axe!
Your orc zombie is destroyed!
Unknown command.
Casting: Vampiric Draining (safe; 1% risk of failure)
Confirm with . or Enter, or press ? or * to list all spells.
Aiming: Vampiric Draining (safe; 1% risk of failure)
Press: ? - help, Shift-Dir - straight line, f - orc priest
Aim: an orc priest, wielding a +0 club and wearing a +0 ring mail (ally target)
You draw life force from the orc priest.
The orc priest closely misses you.
Unknown command.
Casting: Vampiric Draining (safe; 1% risk of failure)
Confirm with . or Enter, or press ? or * to list all spells.
Aiming: Necrotise (safe; 1% risk of failure)
Press: ? - help, Shift-Dir - straight line, f/p - orc priest
Aim: an orc priest, wielding a +0 club and wearing a +0 ring mail (heavily wounded, ally target, chance to affect: 83%)
The orc priest writhes in agony.
The orc priest miscasts a cantrip.
The orc priest casts a cantrip, but nothing happens.
Sorry, you're not good enough to have a special ability.
Casting: Necrotise (safe; 1% risk of failure)
Confirm with . or Enter, or press ? or * to list all spells.
Aiming: Necrotise (safe; 1% risk of failure)
Press: ? - help, Shift-Dir - straight line, f/p - orc priest
Aim: an orc priest, wielding a +0 club and wearing a +0 ring mail (almost dead, ally target, chance to affect: 83%)
The orc priest writhes in agony.
The orc priest mumbles some strange prayers to Beogh against you.
Beogh smites you!
The orc priest calls down the wrath of Beogh upon you.
Beogh smites you!
Unknown command.
The orc priest calls down the wrath of Beogh upon you.
Beogh smites you!
You die...

.. ### . .....# ..
#.#.##.####o.. .#
#.#.#.##........ ...
#.#.#....o.W....
.#.##.#.#.##.oo.w...
......#.#.##Z#
.........(@.#
...<......###
####.#...#
#.......## #
#.##.######
#####.#<##......#
...........####.#
#.......##.#
..##.#####.#


You could see a phantom, 2 orc priests, 2 orcs and a friendly iguana zombie.

Vanquished Creatures
  Eustachio (D:4)
  Blork the orc (D:4)
  A scorpion (D:4)
  A howler monkey (D:4)
  A bombardier beetle (D:3)
  Crazy Yiuf (D:3)
  An orc priest (D:4)
  Jessica (D:2)
  2 iguanas
  3 gnolls (D:4)
  4 adders
  A ribbon worm (D:3)
  3 dart slugs
  7 orcs
  7 ball pythons
  5 bats
  6 endoplasms
  2 giant cockroaches (D:3)
  7 goblins
  8 hobgoblins
  A quokka (D:4)
  A frilled lizard (D:1)
  4 kobolds
  5 rats
74 creatures vanquished.

Vanquished Creatures (collateral kills)
  A ball python (D:4)
  An endoplasm (D:4)
2 creatures vanquished.

Vanquished Creatures (others)
  A ball python zombie (D:4)
  A gnoll zombie (D:4)
  A hobgoblin zombie (D:4)
  An orc zombie (D:5)
4 creatures vanquished.

Grand Total: 80 creatures vanquished

Notes
Turn   | Place    | Note
-------+----------+-------------------------------------------
     0 | D:1      | greenreed the Deep Elf Necromancer began the quest for the
                  | Orb.
     0 | D:1      | Reached XP level 1. HP: 10/10 MP: 6/6
   149 | D:1      | Reached skill level 5 in Necromancy
   149 | D:1      | Reached XP level 2. HP: 15/15 MP: 2/8
   781 | D:2      | Reached XP level 3. HP: 19/19 MP: 8/10
  1058 | D:2      | Noticed Jessica
  1063 | D:2      | Killed Jessica
  1064 | D:2      | Reached skill level 4 in Spellcasting
  1064 | D:2      | Reached XP level 4. HP: 24/24 MP: 8/12
  2011 | D:3      | Found a runed translucent door.
  2012 | D:3      | Noticed Crazy Yiuf
  2111 | D:3      | Reached skill level 5 in Spellcasting
  2391 | D:3      | Found a blossoming altar of Fedhas.
  2559 | D:3      | Reached XP level 5. HP: 28/28 MP: 9/14
  2612 | D:3      | Found a faded altar of an unknown god.
  2725 | D:3      | Learned a level 3 spell: Vampiric Draining
  2729 | D:3      | Killed Crazy Yiuf
  2909 | D:4      | Reached skill level 6 in Spellcasting
  2916 | D:4      | Noticed Blork the orc
  2925 | D:4      | Reached XP level 6. HP: 12/32 MP: 7/17
  3054 | D:4      | Found Tucol's Assorted Antiques.
  3080 | D:4      | Killed Blork the orc
  3215 | D:4      | Noticed Eustachio
  3222 | D:4      | Killed Eustachio
  3223 | D:4      | Reached skill level 5 in Dodging
  3223 | D:4      | Reached skill level 7 in Spellcasting
  3223 | D:4      | Reached XP level 7. HP: 30/36 MP: 5/19
  3584 | D:4      | Learned a level 4 spell: Animate Dead
  3974 | D:5      | Entered Level 5 of the Dungeon
  3996 | D:5      | Killed from afar by an orc priest

Illustrated notes

Levels and vault maps discovered:
D:1:      nicolae_arrival_somewhat_less_tricky_arrival, layout_rooms,
          chequers_arboretum
D:2:      layout_loops_corners, uniq_jessica
D:3:      layout_basic, fedhas_altar_4, hellmonk_ecumenical_altar_run_dry,
          hangedman_abyss_or_decor_lesser_grid, st_stairs_4, dk_noncrumbling_4,
          uniq_crazy_yiuf_cottage
D:4:      layout_rooms, serial_shops, nicolae_shop_rolling_square,
          nrook_loot_triangle, uniq_blork_the_orc, uniq_eustachio
D:5:      layout_loops_cross, amethyst_overflow_temple_binary

Skill      XL: |  1  2  3  4  5  6 |
---------------+-------------------+-----
Necromancy     | 5 6 |  6.8
Dodging        | 3 4 5 |  5.4
Stealth        | 3 |  3.0
Spellcasting   | 4 5 6 7 |  7.8

Action                     |  1- 3 |  4- 6 |  7- 9 || total
---------------------------+-------+-------+-------++-------
   Cast: Necrotise         |    34 |    75 |    35 ||   144
         Vampiric Draining |       |     9 |     5 ||    14
         Animate Dead      |       |       |     2 ||     2
 Armour: Robe              |     1 |    14 |     6 ||    21
  Dodge: Dodged            |       |     8 |     5 ||    13

Table legend: (Time is in decaauts)
 A = Elapsed time spent in this place.
 B = Non-inter-level travel time spent in this place.
 C = Inter-level travel time spent in this place.
 D = Time resting spent in this place.
 E = Time spent auto-exploring this place.
 F = Levels seen in this place.
 G = Mean time per level.
                   A        B        C        D        E       F      G
               +--------+--------+--------+--------+--------+-----+--------+
         Total |   3998 |   3773 |    225 |    210 |   3142 |   5 |  799.6 |
       Dungeon |   3998 |   3773 |    225 |    210 |   3142 |   5 |  799.6 |
               +--------+--------+--------+--------+--------+-----+--------+

Top non-repeatable levels by time:
     D:3: 1277 daAuts
     D:4: 1030 daAuts
     D:2: 967 daAuts
     D:1: 702 daAuts
     D:5: 21 daAuts
